 Dungeon Sprint DCSS version 0.27-a0-1060-gcb85b5eba1 (webtiles) character file.

Game seed: 17037008953746957752

13855 mhtbhm the Scorcher (level 11, -10/54 HPs)
             Began as a Deep Elf Fire Elementalist on Apr 21, 2021.
             Was the Champion of Vehumet.
             Mangled by a rockslime (28 damage)
             ... in the Dungeon (Sprint V: "Ziggurat Sprint").
             The game lasted 00:07:03 (738 turns).

mhtbhm the Scorcher (Deep Elf Fire Elementalist)     Turns: 738, Time: 00:07:03

Health: -10/54     AC: 11    Str:  5    XL:     11   Next: 81%
Magic:  30/35      EV: 17    Int: 36    God:    Vehumet [******]
Gold:   0          SH:  0    Dex: 15    Spells: 26/47 levels left

rFire    + . .     SeeInvis +   C - +8 lance "Wyrmbane" {slay drac, rPois rF+ rC+ AC+3}
rCold    + + .     Faith    .   (no shield)
rNeg     . . .     Spirit   .   a - +2 robe {rC+}
rPois    +         Reflect  .   H - +0 helmet {SInv}
rElec    .         Harm     .   t - +2 cloak {rPois}
rCorr    .         Rampage  .   (no gloves)
Will     +....     NoTele   +   (no boots)
Stlth    ++++......             (no amulet)
HPRegen  0.18/turn              u - +6 ring of intelligence
MPRegen  0.24/turn              v - +6 ring of intelligence

@: hasted, studying 2 skills, very quick
A: no striking features
a: Renounce Religion


You were in the Dungeon.
You worshipped Vehumet.
Vehumet was exalted by your worship.
You visited 1 branch

Inventory:

Hand Weapons
 C - the +8 lance "Wyrmbane" (weapon) {slay drac, rPois rF+ rC+ AC+3}
   (You found it in the Dungeon)

   It affects your AC (+3).
   It protects you from fire.
   It protects you from cold.
   It protects you from poison.
Missiles
 F - 4 throwing nets
Armour
 a - a +2 robe of cold resistance (worn)
 t - a +2 cloak of poison resistance (worn)
 H - a +0 helmet of see invisible (worn)
Jewellery
 u - a +6 ring of intelligence (left hand)
 v - a +6 ring of intelligence (right hand)
Wands
 y - a wand of mindburst (7)
 z - a wand of iceblast (3)
 G - a wand of digging (5)
 I - a wand of polymorph (3)
 L - a wand of flame (23)
Scrolls
 h - a scroll of blinking
 m - 4 scrolls of amnesia
 n - 7 scrolls of fog
 o - a scroll of holy word
 p - 5 scrolls of identify
 q - 2 scrolls of fear
 r - 2 scrolls of brand weapon
Potions
 b - 2 potions of brilliance
 c - 10 potions of curing
 d - 9 potions of heal wounds
 e - 5 potions of haste
 f - 7 potions of magic
 g - 3 potions of berserk rage
 i - 2 potions of invisibility
 j - 4 potions of resistance
 k - a potion of experience
 l - 5 potions of might
 s - a potion of lignification {unknown}
Miscellaneous
 w - a tin of tremorstones (1/2)
 B - a lightning rod (4/4)
 D - a piece from Xom's chessboard (15/15)
 E - a box of beasts
 K - a condenser vane


   Skills:
 + Level 10.2 Dodging
 - Level 9.5 Stealth
 + Level 18.5 Spellcasting
 + Level 12.2 Conjurations
 + Level 18.8 Fire Magic
 + Level 0.6 Earth Magic
 + Level 11.5 Evocations


You had 26 spell levels left.
You knew the following spells:

 Your Spells              Type           Power      Damage    Failure   Level
a - Foxfire               Conj/Fire      100%       2x1d9     0%          1
b - Conjure Flame         Conj/Fire      98%        6-21      0%          3
c - Inner Flame           Hex/Fire       79%        N/A       1%          3
d - Sticky Flame          Conj/Fire      98%        2d11      0%          4
e - Fireball              Conj/Fire      49%        3d19      1%          5
f - Bolt of Magma         Conj/Fire/Erth 41%        4d17      1%          5

Your spell library contained the following spells:

 Spells                   Type           Power      Damage    Failure   Level
 Airstrike                Air            16%        N/A       2%          4
 Sandblast                Erth           74%        2d16      1%          1
 Sting                    Tmut/Pois      100%       1d8       1%          1
 Poisonous Vapours        Pois/Air       66%        N/A       1%          2
 Sublimation of Blood     Necr           16%        N/A       1%          2
 Ignite Poison            Fire/Tmut/Pois 68%        N/A       1%          3
 Mephitic Cloud           Conj/Pois/Air  58%        N/A       1%          3
 Hailstorm                Conj/Ice       67%        3d14      1%          4
 Irradiate                Conj/Tmut      33%        3d25      1%          5
 Olgreb's Toxic Radiance  Pois           33%        N/A       2%          4
 Ozocubu's Armour         Ice            33%        N/A       3%          3
 Spider Form              Tmut/Pois      16%        N/A       3%          3
 Conjure Ball Lightning   Conj/Air       33%        3x3d11    3%          6
 Iron Shot                Conj/Erth      34%        9d7       3%          6
 Petrify                  Tmut/Erth      35%        N/A       9%          4
 Animate Dead             Necr           16%        N/A       10%         4
 Ice Form                 Ice/Tmut       33%        N/A       10%         4
 Summon Lightning Spire   Summ/Air       33%        N/A       10%         4
 Borgnjor's Vile Clutch   Necr/Erth      17%        N/A       24%         5
 Alistair's Intoxication  Tmut/Pois      22%        N/A       26%         5
 Silence                  Hex/Air        16%        N/A       26%         5
 Eringya's Noxious Bog    Tmut/Pois      16%        N/A       36%         6
 Simulacrum               Ice/Necr       16%        N/A       83%         6
 Tornado                  Air            16%        N/A       100%        9


Dungeon Overview and Level Annotations

Branches:
Dungeon (1/1)

Altars:
Ashenzari
Cheibriados
Dithmenos
Elyvilon
Fedhas
Gozag
Hepliaklqana
Kikubaaqudgha
Makhleb
Nemelex Xobeh
Okawaru
Qazlal
Ru
Sif Muna
Trog
Uskayaw
Vehumet
Wu Jian
Xom
Yredelemnul
Zin
The Shining One
Beogh
Jiyva
Lugonu

Annotations:
D 1 transporter


Message History

The burst of rock shards engulfs the rockslime.
The burst of rock shards engulfs the rockslime but does no damage. x4
Unknown command.
Unknown command.
Unknown command.
Unknown command.
Unknown command.
The tremorstone explodes into fragments!
The burst of rock shards engulfs the rockslime.
The burst of rock shards engulfs the rockslime but does no damage.
The burst of rock shards engulfs the rockslime.
The burst of rock shards engulfs the rockslime but does no damage.
The burst of rock shards engulfs the rockslime!
You kill the rockslime!
Vehumet accepts your kill.
You feel your power returning.
The burst of rock shards engulfs the rockslime!
The burst of rock shards engulfs the rockslime but does no damage.
The tin is emptied!
Your piece from Xom's chessboard (15/15) has regained two charges.
Your tin of tremorstones (1/2) has regained one charge.
Your Conjurations skill increases to level 12!
Unknown command.
Unknown command.
Unknown command.
Unknown command.
Okay, then.
Press: ? - help, v - describe, . - travel, g - get item
Here: a rockslime (heavily wounded) Item here: a +2 trident of protection.
The floor.
Blink to where?
Press: ? - help, Dir - move target
Okay, then.
You feel much better. The rockslime misses you.
Unknown command.
You feel yourself speed up. The rockslime hits you!!
You stumble backwards!
The rockslime hits you!!
Ouch! That really hurt!
You die...

▓...:[)...▓..)[..
▓.........▓......
▓.........▓......
▓.........▓......
▓.........▓......
▓.▓.....▓.▓......
▓....©....▓...©..
▓▓▓▓▓▓▓▓▓▓▓▓▓▓▓▓▓▓▓
▓.@.8©8...▓...8©8..
▓..J}}:=..▓..|...[.
▓..|):)?..▓..=..}}.
▓.........▓....))..
▓.........▓....)...
▓.........▓...)....
▓.........▓.)......
▓.........▓.▓.....▓
▓.▓.....▓.▓....©...


You could see a rockslime.

Vanquished Creatures
  An acid blob (D)
  Gastronok (D)
  A rockslime (D)
  An azure jelly (D)
  Erolcha (D)
  Harold (D)
  A shining eye (D)
  3 toenail golems (D)
  An eye of devastation (D)
  Joseph (D)
  A jumping spider (D)
  8 slime creatures (D)
  Sigmund (D)
  A tarantella (D)
  Eustachio (D)
  Grum (D)
  2 golden eyes (D)
  Edmund (D)
  Duvessa (D)
  2 nagas (D)
  2 water moccasins (D)
  3 floating eyes (D)
  3 phantoms (D)
  Blork the orc (D)
  3 earth elementals (D)
  2 scorpions (D)
  Dowan (D)
  2 wights (D)
  3 jellies (D)
  Jessica (D)
  An iguana (D)
  3 adders (D)
  A river rat (D)
  2 ball pythons (D)
  A bat skeleton (D)
  An endoplasm (D)
  2 quokka skeletons (D)
63 creatures vanquished.

Notes
Turn   | Place    | Note
-------+----------+-------------------------------------------
     0 | D        | mhtbhm the Deep Elf Fire Elementalist began the quest for
                  | the Orb.
     0 | D        | Reached XP level 1. HP: 10/10 MP: 6/6
     0 | D        | Found a shimmering blue altar of Sif Muna.
     0 | D        | Found a bloodstained altar of Trog.
     0 | D        | Found a sacrificial altar of Ru.
     0 | D        | Found a stormy altar of Qazlal.
     0 | D        | Found an iron altar of Okawaru.
     1 | D        | Found a sparkling altar of Nemelex Xobeh.
     1 | D        | Found a blossoming altar of Fedhas.
     2 | D        | Found the +6 Majin-Bo {vamp, MP+6 Int+6}
     2 | D        | Found the +9 heavy crossbow "Sniper" {vorpal, Acc+∞ SInv}
     2 | D        | Found the +10 dark maul {vorpal}
     2 | D        | Found the +15 Maxwell's patent armour {-Cast -Tele rElec
                  | Will+ rCorr}
     2 | D        | Found the +18 shield of the Gong {rElec rN+ Will+ EV-5}
     2 | D        | Found the +14 obsidian axe {vorpal, Drain Fly SInv}
     2 | D        | Found the +7 great mace "Firestarter" {inner flame, rF++}
     2 | D        | Found the +6 shillelagh "Devastator" {shatter}
     2 | D        | Found the +11 plutonium sword {Contam Stlth-}
     2 | D        | Found the +8 lance "Wyrmbane" {slay drac, rPois rF+ rC+
                  | AC+3}
     2 | D        | Found the +9 sword of Zonguldrok {reap}
     2 | D        | Found the +13 scythe of Curses {drain, Drain}
     2 | D        | Found the +5 sword of Power {vorpal}
     2 | D        | Found the +7 mace of Variability {chain chaos}
     2 | D        | Found the +7 Singing Sword {vorpal, sonic wave}
     2 | D        | Found the +8 storm bow {elec, penet}
     3 | D        | Found a transporter.
     3 | D        | Found an ancient bone altar of Kikubaaqudgha.
     3 | D        | Found a viscous altar of Jiyva.
     3 | D        | Found a corrupted altar of Lugonu.
     3 | D        | Found a hazy altar of Hepliaklqana.
     3 | D        | Found a burning altar of Makhleb.
     3 | D        | Found an opulent altar of Gozag.
    44 | D        | Became a worshipper of Vehumet
    57 | D        | Entered arena 2.
    57 | D        | Noticed an iguana
    57 | D        | Found a transporter.
    60 | D        | Reached XP level 2. HP: 15/15 MP: 6/8
    61 | D        | Reached XP level 3. HP: 19/19 MP: 7/11
    65 | D        | Got the Incunabulum of Blistering Ice
   198 | D        | Learned a level 3 spell: Conjure Flame
   202 | D        | Learned a level 3 spell: Inner Flame
   205 | D        | Entered arena 3.
   205 | D        | Noticed Sigmund
   205 | D        | Noticed Jessica
   205 | D        | Noticed Blork the orc
   205 | D        | Found a transporter.
   206 | D        | Killed Jessica
   206 | D        | Reached * piety under Vehumet
   206 | D        | Offered knowledge of Freeze by Vehumet.
   207 | D        | Reached skill level 5 in Spellcasting
   207 | D        | Reached skill level 1 in Evocations
   208 | D        | Killed Blork the orc
   209 | D        | Reached XP level 4. HP: 21/24 MP: 12/14
   209 | D        | Killed Sigmund
   210 | D        | Reached skill level 5 in Dodging
   210 | D        | Reached skill level 5 in Stealth
   210 | D        | Reached skill level 10 in Fire Magic
   210 | D        | Reached XP level 5. HP: 25/28 MP: 13/17
   210 | D        | Reached XP level 6. HP: 28/32 MP: 13/18
   218 | D        | Got the ring "Yrug" {*Corrode rPois Int+4 Dex+6}
   234 | D        | Learned a level 4 spell: Sticky Flame
   240 | D        | Learned a level 5 spell: Fireball
   241 | D        | Entered arena 4.
   241 | D        | Noticed a naga
   241 | D        | Noticed a naga
   241 | D        | Found a transporter.
   242 | D        | Reached ** piety under Vehumet
   242 | D        | Killed a naga
   244 | D        | Killed a naga
   245 | D        | Reached XP level 7. HP: 36/36 MP: 16/21
   252 | D        | Got the ring of Ihyhijax {Fly rC+ Str+3 Int-5}
   256 | D        | Got the ring "Pimnoqiy" {rF+ Str+2}
   262 | D        | Entered arena 5.
   262 | D        | Noticed a tarantella
   262 | D        | Noticed a jumping spider
   262 | D        | Found a transporter.
   263 | D        | Killed a tarantella
   263 | D        | Reached *** piety under Vehumet
   264 | D        | Reached skill level 10 in Spellcasting
   264 | D        | Killed a jumping spider
   265 | D        | Reached XP level 8. HP: 41/41 MP: 16/24
   305 | D        | Entered arena 6.
   305 | D        | Found a transporter.
   306 | D        | Reached **** piety under Vehumet
   339 | D        | Entered arena 7.
   339 | D        | Noticed a shining eye
   339 | D        | Noticed an eye of devastation
   339 | D        | Noticed a slime creature
   339 | D        | Noticed a slime creature
   340 | D        | Offered knowledge of Searing Ray by Vehumet.
   343 | D        | Killed a slime creature
   343 | D        | Reached ***** piety under Vehumet
   344 | D        | Reached skill level 5 in Evocations
   344 | D        | Killed a shining eye
   345 | D        | Killed a slime creature
   346 | D        | Reached XP level 9. HP: 23/45 MP: 16/27
   347 | D        | Killed an eye of devastation
   348 | D        | Reached skill level 5 in Conjurations
   348 | D        | Reached skill level 15 in Fire Magic
   348 | D        | Found a transporter.
   429 | D        | Entered arena 8.
   429 | D        | Noticed a toenail golem
   429 | D        | Noticed a toenail golem
   429 | D        | Noticed a toenail golem
   434 | D        | Killed a toenail golem
   434 | D        | Killed a toenail golem
   437 | D        | Killed a toenail golem
   437 | D        | Reached ****** piety under Vehumet
   440 | D        | Found a transporter.
   500 | D        | Entered arena 9.
   501 | D        | Offered knowledge of Stone Arrow by Vehumet.
   503 | D        | Reached XP level 10. HP: 50/50 MP: 24/30
   505 | D        | Found a transporter.
   543 | D        | Entered arena 10.
   547 | D        | Found a transporter.
   578 | D        | Entered arena 11.
   578 | D        | Noticed Dowan
   578 | D        | Noticed Duvessa
   578 | D        | Noticed Edmund
   578 | D        | Noticed Erolcha
   578 | D        | Noticed Eustachio
   578 | D        | Noticed Gastronok
   578 | D        | Noticed Grum
   578 | D        | Noticed Harold
   578 | D        | Noticed Joseph
   579 | D        | Killed Dowan
   580 | D        | Killed Grum
   581 | D        | Killed Joseph
   581 | D        | Killed Edmund
   581 | D        | Killed Duvessa
   581 | D        | Killed Harold
   582 | D        | Reached skill level 15 in Spellcasting
   582 | D        | Killed Eustachio
   584 | D        | Killed Erolcha
   585 | D        | Reached skill level 10 in Dodging
   587 | D        | Killed Gastronok
   588 | D        | Reached skill level 10 in Conjurations
   588 | D        | Reached skill level 10 in Evocations
   588 | D        | Reached XP level 11. HP: 38/54 MP: 6/33
   588 | D        | Found a transporter.
   610 | D        | Got the Grimoire of Doomed Poison
   614 | D        | Got the Reference Book on Earth
   714 | D        | Learned a level 5 spell: Bolt of Magma
   716 | D        | Entered arena 12.
   716 | D        | Noticed a rockslime
   716 | D        | Noticed an azure jelly
   717 | D        | Offered knowledge of Airstrike by Vehumet.
   717 | D        | Noticed an acid blob
   718 | D        | Noticed a rockslime
   719 | D        | Killed an azure jelly
   722 | D        | Found a transporter.
   724 | D        | Killed an acid blob
   736 | D        | Killed a rockslime
   738 | D        | Mangled by a rockslime

Illustrated notes

Levels and vault maps discovered:
D:        sprint_v [room_start, room_1, room_2, room_3, room_4, room_5, room_6,
          room_7, room_8, room_9, room_10, room_11, room_12, room_13, room_14,
          room_15, room_16, room_17, room_18, room_19, room_20, room_21,
          room_22, room_23, room_24, room_25, room_26, room_27]

Skill      XL: |  1  2  3  4  5  6  7  8  9 10 11 |
---------------+----------------------------------+-----
Dodging        | 3 4 5 6 7 8 9 10 | 10.2
Fire Magic     | 4 6 8 10 11 13 14 16 17 18 | 18.8
Stealth        | 3 4 5 6 7 8 9 |  9.5
Spellcasting   | 4 6 7 9 10 12 14 16 18 | 18.5
Evocations     | 1 2 3 4 5 7 10 11 | 11.5
Conjurations   | 2 4 6 10 12 | 12.2
Earth Magic    | |  0.6

Action                   |  1- 3 |  4- 6 |  7- 9 | 10-12 || total
-------------------------+-------+-------+-------+-------++-------
 Cast: Fireball          |       |     1 |    16 |    18 ||    35
       Bolt of Magma     |       |       |       |     1 ||     1
Evoke: Wand              |     4 |       |     4 |     4 ||    12
       Lightning rod     |     2 |     3 |     2 |       ||     7
       Tin of tremorston |       |       |     2 |     5 ||     7
       Piece from Xom's  |       |       |       |     2 ||     2
  Use: Scroll            |       |       |       |     3 ||     3
       Potion            |       |       |       |     2 ||     2
Armor: Robe              |       |       |     1 |     1 ||     2
Dodge: Dodged            |       |       |     1 |     4 ||     5

Table legend: (Time is in decaauts)
 A = Elapsed time spent in this place.
 B = Non-inter-level travel time spent in this place.
 C = Inter-level travel time spent in this place.
 D = Time resting spent in this place.
 E = Time spent auto-exploring this place.
 F = Levels seen in this place.
 G = Mean time per level.
                   A        B        C        D        E       F      G
               +--------+--------+--------+--------+--------+-----+--------+
         Total |    736 |    736 |      0 |    355 |      0 |   1 |  736.0 |
       Dungeon |    736 |    736 |      0 |    355 |      0 |   1 |  736.0 |
               +--------+--------+--------+--------+--------+-----+--------+

Top non-repeatable levels by time:
       D: 736 daAuts
